 Dungeon Crawl Stone Soup version 0.27.1-3-gb3d3a73c9e (webtiles) character file.

Game seed: 12662239624278706751

10336 Crownlay the Frost Mage (level 11, -6/83 HPs)
             Began as a Gnoll Ice Elementalist on Oct 17, 2021.
             Was a Follower of Uskayaw.
             Mangled by an ice beast (12 damage)
             ... summoned by an ice statue
             ... in an ice cave.
             The game lasted 00:29:42 (16583 turns).

Crownlay the Frost Mage (Gnoll Ice Elementalist)   Turns: 16583, Time: 00:29:42

Health: -6/83      AC: 15    Str:  8    XL:     11   Next: 60%
Magic:  2/23       EV: 17    Int: 17    God:    Uskayaw [*.....]
Gold:   632        SH:  0    Dex: 19    Spells: 3/26 levels left

rFire    . . .     SeeInvis .   J - +1 dagger (venom)
rCold    . . .     Faith    .   (no shield)
rNeg     . . .     Spirit   .   a - +0 robe
rPois    .         Reflect  .   k - +0 helmet
rElec    .         Harm     .   b - +0 cloak
rCorr    .         Rampage  .   K - +0 pair of gloves
Will     .....                  L - +0 pair of boots
Stlth    ++++......             (no amulet)
HPRegen  0.23/turn              C - +6 ring of dexterity
MPRegen  0.18/turn              n - ring of wizardry

@: ice-armoured
A: fangs 1, strong nose, distributed training
a: Renounce Religion, Stomp


You were in an ice cave.
You worshipped Uskayaw.
Uskayaw was noncommittal.
You visited 1 branch of the dungeon, and saw 11 of its levels.
You also visited: Ossuary and Ice Cave.

You collected 720 gold pieces.
You spent 88 gold pieces at shops.

Inventory:

Hand Weapons
 J - a +1 dagger of venom (weapon)
Missiles
 h - 3 silver boomerangs
 l - a throwing net
Armour
 a - a +0 robe (worn)
 b - a +0 cloak (worn)
 k - a +0 helmet (worn)
 K - a +0 pair of gloves (worn)
 L - a +0 pair of boots (worn)
Magical Staves
 v - a staff of death
Jewellery
 c - a +6 ring of dexterity
 n - a ring of wizardry (right hand)
 C - a +6 ring of dexterity (left hand)
 N - a ring of resist corrosion
Wands
 j - a wand of iceblast (7)
 m - a wand of paralysis (11)
 I - a wand of flame (58)
Scrolls
 e - 8 scrolls of teleportation
 g - 5 scrolls of amnesia
 i - 2 scrolls of enchant armour
 t - 3 scrolls of fear
 u - a scroll of holy word {unknown}
 w - a scroll of fog {unknown}
 x - a scroll of summoning {unknown}
 y - a scroll of vulnerability {unknown}
 z - 2 scrolls of torment {unknown}
 B - 2 scrolls of blinking
 H - 2 scrolls of immolation
 M - a scroll of acquirement {unknown}
 O - 2 scrolls of silence
Potions
 d - 3 potions of haste
 f - 4 potions of ambrosia
 o - 8 potions of curing
 p - 5 potions of might
 q - 2 potions of resistance {unknown}
 r - 3 potions of mutation {unknown}
 s - 4 potions of brilliance {unknown}
 A - a potion of cancellation {unknown}
 D - 4 potions of flight {unknown}
 E - a potion of attraction {unknown}
 F - a potion of magic {unknown}
 G - 11 potions of degeneration


   Skills:
 + Level 6.4 Fighting
 + Level 6.4 Short Blades
 + Level 6.4 Long Blades
 + Level 6.4 Axes
 + Level 6.4 Maces & Flails
 + Level 6.4 Polearms
 + Level 6.4 Staves
 + Level 6.4 Slings
 + Level 6.4 Bows
 + Level 6.4 Crossbows
 + Level 6.4 Throwing
 + Level 6.4 Armour
 + Level 8.0 Dodging
 + Level 7.8 Stealth
 + Level 6.4 Shields
 + Level 6.4 Unarmed Combat
 + Level 8.2 Spellcasting
 + Level 5.3 Conjurations
 + Level 5.3 Hexes
 + Level 5.3 Summonings
 + Level 5.3 Necromancy
 + Level 5.3 Translocations
 + Level 5.3 Transmutations
 + Level 5.3 Fire Magic
 + Level 9.0 Ice Magic
 + Level 5.3 Air Magic
 + Level 5.3 Earth Magic
 + Level 5.3 Poison Magic
 + Level 7.1 Invocations
 + Level 6.4 Evocations


You had 3 spell levels left.
You knew the following spells:

 Your Spells              Type           Power      Damage    Failure   Level
a - Freeze                Ice            100%       1d11      1%          1
b - Frozen Ramparts       Ice            74%        1d9       1%          3
c - Ozocubu's Armour      Ice            37%        N/A       1%          3
d - Hailstorm             Conj/Ice       31%        3d8       2%          4
e - Bolt of Magma         Conj/Fire/Erth 12%        4d8       12%         5
f - Foxfire               Conj/Fire      100%       2x1d9     1%          1
g - Statue Form           Tmut/Erth      16%        N/A       52%         6

Your spell library contained the following spells:

 Spells                   Type           Power      Damage    Failure   Level
 Animate Skeleton         Necr           50%        N/A       1%          1
 Pain                     Necr           100%       1d9       1%          1
 Conjure Flame            Conj/Fire      25%        6-21      1%          3
 Inner Flame              Hex/Fire       25%        N/A       1%          3
 Vampiric Draining        Necr           12%        2d7       1%          3
 Leda's Liquefaction      Hex/Erth       12%        N/A       4%          4


Dungeon Overview and Level Annotations

Branches:
Dungeon (11/15)            Temple (0/1) D:4            Lair (0/6) D:8
    Orc (0/2) D:10        Ossuary (visited)           IceCv (1/1)

Altars:
Elyvilon
Kikubaaqudgha
Ru
Sif Muna
Trog
Uskayaw
Wu Jian
Zin
The Shining One

Shops:
D:3 !   D:7 [(

Annotations:
D:11 Fannar IceCv exclusion: 2 ice statues


Innate Abilities, Weirdness & Mutations

You have very sharp teeth.
Your uncanny sense of smell can sniff out nearby items.
Your experience applies equally to all skills.


Message History

You hit the ice beast but do no damage.
The ice beast is poisoned.
The ice beast closely misses you.
You hit the ice beast.
The ice beast is lightly wounded.
You hit the ice beast but do no damage.
The ice beast is lightly wounded.
The ice beast closely misses you.
You hit the ice beast.
The ice beast looks as sick as possible!
You punch the ice beast.
The ice beast is moderately wounded.
The ice beast closely misses you. x2
You closely miss the ice beast. You closely miss the ice beast.
You bite the ice beast, but do no damage.
The ice beast hits you. The ice beast freezes you!
* * * LOW HITPOINT WARNING * * *
The ice beast closely misses you.
You hit the ice beast. You punch the ice beast.
The ice beast is heavily wounded.
The ice beast barely misses you. The ice beast hits you.
* * * LOW HITPOINT WARNING * * *
The ice beast freezes you!
* * * LOW HITPOINT WARNING * * *
Your icy armour will break if you move.
Continue?
Your icy armour cracks and falls away as you move.
Casting: Ozocubu's Armour (safe; 1% risk of failure)
Confirm with . or Enter, or press ? or * to list all spells.
A film of ice covers your body! The ice beast misses you.
Okay, then.
There are monsters nearby!
Aiming: Throw Flame
Press: ? - help, Shift-Dir - straight line, f - ice beast
Aim: an ice beast (summoned, 74% to hit)
The puff of flame hits the ice beast.
The ice beast melts!
The ice beast is moderately wounded.
The ice beast hits you.
* * * LOW HITPOINT WARNING * * *
The ice beast freezes you!
You die...

........##
##.######..##
#.......8#
#...# ####
#.......##
##.##
##.....##
#..# #.....#
##.## ##..###
#..# ##.#.#
##.## #..###
#YY# #.##
##@# ..#
#..## .##
######..# ..#
##..#.#.##
#.##
#....#..#
.#.#
#.##...##
#.## #..#..##
..# ##..####
.## #..[.#


You could see 2 ice beasts.

Vanquished Creatures
  Erica (D:8)
  Maurice (D:9)
  2 rime drakes (IceCv)
  Psyche (D:8)
  A troll (D:11)
  A hornet (D:9)
  2 shadows
  2 wraiths
  3 wyverns (D:8)
  9 yaks
  2 basilisks (D:8)
  A steam dragon (D:8)
  4 water moccasins
  An acid dragon (D:10)
  3 orc warriors
  A swamp drake (D:10)
  An ice beast (D:5)
  A black bear (D:5)
  2 ogres
  A necrophage (D:6)
  3 wolves (D:8)
  4 centaurs
  2 phantoms
  3 elf zombies (Ossuary)
  4 kobold brigands
  2 bullfrogs
  A gnoll sergeant (D:9)
  4 scorpions
  2 wyvern zombies (D:8)
  5 killer bees (D:9)
  A lindwurm simulacrum (IceCv)
  A wight (D:9)
  8 howler monkeys
  8 centaur zombies
  3 human zombies (Ossuary)
  4 hounds
  A bullfrog zombie (D:5)
  6 komodo dragon simulacra (IceCv)
  A jelly (D:5)
  6 orc priests
  2 bullfrog skeletons
  2 centaur skeletons
  4 iguanas
  9 orc wizards
  3 mummies (Ossuary)
  12 gnolls
  3 acid dragon simulacra (IceCv)
  8 adders
  A howler monkey skeleton (D:7)
  2 steam dragon simulacra (IceCv)
  An adder skeleton (D:4)
  2 dart slugs (D:3)
  27 orcs
  3 endoplasms
  5 giant cockroaches
  6 goblins
  13 hobgoblins
  4 jackals
  4 quokkas
  5 ball pythons
  A ball python zombie (D:3)
  5 bats
  8 frilled lizards
  22 kobolds
  8 rats
269 creatures vanquished.

Vanquished Creatures (others)
  2 orcs (D:5)
  35 foxfires (IceCv)
  3 fungi (D:8)
  19 plants (D:8)
59 creatures vanquished.

Grand Total: 328 creatures vanquished

Notes
Turn   | Place    | Note
-------+----------+-------------------------------------------
     0 | D:1      | Crownlay the Gnoll Ice Elementalist began the quest for the
                  | Orb.
     0 | D:1      | Reached XP level 1. HP: 13/13 MP: 6/6
   265 | D:1      | Reached XP level 2. HP: 9/19 MP: 4/7
   736 | D:1      | Found a faded altar of an unknown god.
   953 | D:1      | Reached XP level 3. HP: 25/25 MP: 6/9
  1127 | D:1      | Reached skill level 5 in Spellcasting
  1136 | D:1      | Learned a level 3 spell: Frozen Ramparts
  1140 | D:1      | Learned a level 3 spell: Ozocubu's Armour
  1680 | D:2      | Reached skill level 1 in Invocations
  1760 | D:2      | Reached skill level 1 in Fighting
  1760 | D:2      | Reached skill level 1 in Short Blades
  1760 | D:2      | Reached skill level 1 in Long Blades
  1760 | D:2      | Reached skill level 1 in Axes
  1760 | D:2      | Reached skill level 1 in Maces & Flails
  1760 | D:2      | Reached skill level 1 in Polearms
  1760 | D:2      | Reached skill level 1 in Staves
  1760 | D:2      | Reached skill level 1 in Slings
  1760 | D:2      | Reached skill level 1 in Bows
  1760 | D:2      | Reached skill level 1 in Crossbows
  1760 | D:2      | Reached skill level 1 in Throwing
  1760 | D:2      | Reached skill level 1 in Armour
  1760 | D:2      | Reached skill level 1 in Shields
  1760 | D:2      | Reached skill level 1 in Unarmed Combat
  1760 | D:2      | Reached skill level 1 in Evocations
  1908 | D:2      | Reached XP level 4. HP: 26/32 MP: 7/11
  1966 | D:2      | Found a hide-covered altar of Uskayaw.
  1974 | D:2      | Became a worshipper of Uskayaw the Reveller
  2213 | D:3      | Reached * piety under Uskayaw
  2477 | D:3      | Found a shimmering blue altar of Sif Muna.
  2567 | D:3      | Found a glowing golden altar of the Shining One.
  2569 | D:3      | Found a glowing silver altar of Zin.
  2718 | D:3      | Reached ** piety under Uskayaw
  3057 | D:3      | Reached skill level 1 in Conjurations
  3057 | D:3      | Reached skill level 1 in Hexes
  3057 | D:3      | Reached skill level 1 in Summonings
  3057 | D:3      | Reached skill level 1 in Necromancy
  3057 | D:3      | Reached skill level 1 in Translocations
  3057 | D:3      | Reached skill level 1 in Transmutations
  3057 | D:3      | Reached skill level 1 in Fire Magic
  3057 | D:3      | Reached skill level 1 in Air Magic
  3057 | D:3      | Reached skill level 1 in Earth Magic
  3057 | D:3      | Reached skill level 1 in Poison Magic
  3207 | D:3      | Reached XP level 5. HP: 37/37 MP: 5/12
  3271 | D:3      | Found Zeeguts's Distillery.
  3279 | D:3      | Bought a potion of heal wounds for 55 gold pieces
  3279 | D:3      | Bought a potion of curing for 33 gold pieces
  3871 | D:4      | Reached *** piety under Uskayaw
  3876 | D:4      | Reached **** piety under Uskayaw
  4071 | D:4      | Found a staircase to the Ecumenical Temple.
  4275 | D:4      | Noticed an ogre
  4288 | D:4      | Killed an ogre
  4289 | D:4      | Reached skill level 5 in Dodging
  4289 | D:4      | Reached XP level 6. HP: 44/44 MP: 8/14
  4606 | D:4      | Found a bloodstained altar of Trog.
  4742 | D:5      | Entered Level 5 of the Dungeon
  4772 | D:5      | Noticed a black bear
  4774 | D:5      | Noticed an ice beast
  4786 | D:5      | Killed a black bear
  4787 | D:5      | Reached XP level 7. HP: 43/50 MP: 8/15
  4879 | D:5      | Reached skill level 5 in Stealth
  5321 | D:5      | Reached XP level 8. HP: 57/57 MP: 9/16
  6849 | D:7      | Found Ilerrid's Armour Emporium.
  6877 | D:7      | Found a white marble altar of Elyvilon.
  6915 | D:7      | Found a sand-covered staircase.
  7050 | Ossuary  | Entered an ossuary
  7171 | Ossuary  | Reached ***** piety under Uskayaw
  7237 | Ossuary  | Learned a level 4 spell: Hailstorm
  7264 | Ossuary  | Reached XP level 9. HP: 41/65 MP: 18/18
  7883 | D:7      | Found Zuapist's Weapon Boutique.
  7900 | D:7      | Reached skill level 8 in Ice Magic
  8632 | D:7      | Found a sacrificial altar of Ru.
  9241 | D:8      | Reached skill level 5 in Invocations
  9428 | D:8      | Noticed Erica
  9445 | D:8      | Killed Erica
  9446 | D:8      | Reached XP level 10. HP: 8/73 MP: 5/20
  9830 | D:8      | Reached skill level 5 in Fighting
  9830 | D:8      | Reached skill level 5 in Short Blades
  9830 | D:8      | Reached skill level 5 in Long Blades
  9830 | D:8      | Reached skill level 5 in Axes
  9830 | D:8      | Reached skill level 5 in Maces & Flails
  9830 | D:8      | Reached skill level 5 in Polearms
  9830 | D:8      | Reached skill level 5 in Staves
  9830 | D:8      | Reached skill level 5 in Slings
  9830 | D:8      | Reached skill level 5 in Bows
  9830 | D:8      | Reached skill level 5 in Crossbows
  9830 | D:8      | Reached skill level 5 in Throwing
  9830 | D:8      | Reached skill level 5 in Armour
  9830 | D:8      | Reached skill level 5 in Shields
  9830 | D:8      | Reached skill level 5 in Unarmed Combat
  9830 | D:8      | Reached skill level 5 in Evocations
 10120 | D:8      | Noticed Psyche
 10128 | D:8      | Killed Psyche
 11021 | D:8      | Found a staircase to the Lair.
 12376 | D:9      | Reached XP level 11. HP: 56/81 MP: 16/22
 12623 | D:9      | Noticed Maurice
 12640 | D:9      | Killed Maurice
 12641 | D:9      | Reached skill level 5 in Conjurations
 12641 | D:9      | Reached skill level 5 in Hexes
 12641 | D:9      | Reached skill level 5 in Summonings
 12641 | D:9      | Reached skill level 5 in Necromancy
 12641 | D:9      | Reached skill level 5 in Translocations
 12641 | D:9      | Reached skill level 5 in Transmutations
 12641 | D:9      | Reached skill level 5 in Fire Magic
 12641 | D:9      | Reached skill level 5 in Air Magic
 12641 | D:9      | Reached skill level 5 in Earth Magic
 12641 | D:9      | Reached skill level 5 in Poison Magic
 12810 | D:9      | Found an ornate altar of the Wu Jian Council.
 13112 | D:10     | Entered Level 10 of the Dungeon
 13255 | D:10     | Found an ancient bone altar of Kikubaaqudgha.
 13620 | D:10     | Found a staircase to the Orcish Mines.
 14195 | D:11     | Noticed Fannar
 14218 | D:11     | Found a frozen archway.
 14227 | IceCv    | Entered an ice cave
 14248 | IceCv    | Reached skill level 9 in Ice Magic
 14482 | IceCv    | Learned a level 5 spell: Bolt of Magma
 14485 | IceCv    | Learned a level 1 spell: Foxfire
 14894 | IceCv    | Learned a level 6 spell: Statue Form
 16194 | IceCv    | HP: 4/83 [ice beast[an ice statue] (5)]
 16583 | IceCv    | Mangled by an ice beast

Illustrated notes

Levels and vault maps discovered:
D:1:      lemuel_arrival_rhombus, layout_basic,
          shapermc_ecumenical_altar_starsandcircs
D:2:      layout_rooms, basic_altar, grunt_ministairs_12
D:3:      minmay_bubble_buster, layout_basic, nicolae_sif_muna_little_library,
          chequers_temple_overflow_statue_of_worship, serial_shops, shop_statue,
          feat_on_display
D:4:      layout_basic, mainiacjoe_overflow_six_doors_small,
          minmay_temple_entry_glassed_door
D:5:      layout_basic, minmay_misc_feat_hallway, lemuel_flamethrower_2
D:6:      layout_rooms, minmay_misc_feat_encased, kennysheep_generic_room_12
D:7:      layout_basic, nicolae_ru_sacrificial_ziggurat, elyvilon_altar_3,
          serial_shops, shop, chequers_ossuary_entry_cave,
          nicolae_inconvenience_store
D:8:      layout_loops_corners, minmay_lair_entry_grove, uniq_erica, uniq_psyche
D:9:      layout_roguey, nicolae_wu_jian_glorious_leap,
          kennysheep_generic_room_13, uniq_maurice
D:10:     layout_rooms, nicolae_kikubaaqudgha_miasma_corner, erik_orc_1,
          blue_anna_alchemist
D:11:     layout_gridville, portal_ice_cave_entry_pillars_2, uniq_fannar
IceCv:    ice_cave_small_dragons

Skill      XL: |  1  2  3  4  5  6  7  8  9 10 11 |
---------------+----------------------------------+-----
Spellcasting   | 5 6 7 8 |  8.2
Invocations    | 1 2 3 4 5 6 7 |  7.1
Fighting       | 1 2 3 4 5 6 |  6.4
Short Blades   | 1 2 3 4 5 6 |  6.4
Long Blades    | 1 2 3 4 5 6 |  6.4
Axes           | 1 2 3 4 5 6 |  6.4
Maces & Flails | 1 2 3 4 5 6 |  6.4
Polearms       | 1 2 3 4 5 6 |  6.4
Staves         | 1 2 3 4 5 6 |  6.4
Slings         | 1 2 3 4 5 6 |  6.4
Bows           | 1 2 3 4 5 6 |  6.4
Crossbows      | 1 2 3 4 5 6 |  6.4
Throwing       | 1 2 3 4 5 6 |  6.4
Armour         | 1 2 3 4 5 6 |  6.4
Shields        | 1 2 3 4 5 6 |  6.4
Unarmed Combat | 1 2 3 4 5 6 |  6.4
Evocations     | 1 2 3 4 5 6 |  6.4
Conjurations   | 1 2 3 4 5 |  5.3
Hexes          | 1 2 3 4 5 |  5.3
Summonings     | 1 2 3 4 5 |  5.3
Necromancy     | 1 2 3 4 5 |  5.3
Translocations | 1 2 3 4 5 |  5.3
Transmutations | 1 2 3 4 5 |  5.3
Fire Magic     | 1 2 3 4 5 |  5.3
Air Magic      | 1 2 3 4 5 |  5.3
Earth Magic    | 1 2 3 4 5 |  5.3
Poison Magic   | 1 2 3 4 5 |  5.3
Dodging        | 5 6 7 8 |  8.0
Stealth        | 5 6 7 |  7.8
Ice Magic      | 8 9 |  9.0

Action                   |  1- 3 |  4- 6 |  7- 9 | 10-12 || total
-------------------------+-------+-------+-------+-------++-------
Melee: Short sword       |    61 |    48 |   353 |       ||   462
       Bite              |     1 |     1 |    51 |    66 ||   119
       Punch             |       |       |     9 |    19 ||    28
       Dagger            |       |       |       |   398 ||   398
 Cast: Freeze            |    45 |    23 |    14 |     3 ||    85
       Frozen Ramparts   |       |    11 |    27 |    36 ||    74
       Ozocubu's Armour  |       |     6 |    15 |    28 ||    49
       Hailstorm         |       |       |     8 |     8 ||    16
       Bolt of Magma     |       |       |       |    23 ||    23
       Foxfire           |       |       |       |    21 ||    21
Invok: Stomp             |       |       |       |     1 ||     1
Evoke: Wand              |       |       |       |    20 ||    20
  Use: Scroll            |       |       |     6 |     4 ||    10
       Potion            |       |       |       |     1 ||     1
 Stab: Sleeping          |     6 |     4 |     4 |     7 ||    21
       Paralysed         |       |     1 |    16 |    16 ||    33
Armor: Robe              |    27 |    15 |   108 |   100 ||   250
Dodge: Dodged            |    81 |    56 |   276 |   255 ||   668
